 Dungeon Crawl Stone Soup version 0.30-a0-924-g0ad0bf95bc (webtiles) character file.

Game seed: 6124315705585216269

311 IdlyInterested the Cudgeller (level 6, -1/66 HPs)
             Began as a Demonspawn Gladiator on Mar 22, 2023.
             Slain by a gnoll bouda
             ... wielding a +0 club
              (7 damage)
             ... on level 4 of the Dungeon.
             The game lasted 00:08:37 (2581 turns).

IdlyInterested the Cudgeller (Demonspawn Gladiator) Turns: 2581, Time: 00:08:37

Health: -1/66      AC:  9    Str: 16    XL:     6   Next: 18%
Magic:  6/6        EV: 10    Int:  9    God:
Gold:   109        SH:  0    Dex: 15    Spells: 5/5 levels left

rFire   + . .      SeeInvis .    a - +0 flail
rCold   + . .      Faith    .    (no shield)
rNeg    . . .      Spirit   .    w - +2 scale mail {rF+}
rPois   .          Reflect  .    (helmet restricted)
rElec   .          Rampage  .    s - +0 cloak
rCorr   .                        (no gloves)
Will    .....                    (no boots) Stlth
                                 (no amulet)
HPRegen 0.31/turn                h - ring of protection from cold
MPRegen 0.10/turn                (no ring)

@: berserking, attractive, very quick
A: horns 1, foul stench 1
a: no special abilities


You were on level 4 of the Dungeon.
You visited 2 branches of the dungeon, and saw 5 of its levels.

You collected 109 gold pieces.

Inventory:

Hand Weapons
 a - a +0 flail (weapon)
Missiles
 d - 2 throwing nets
 e - a javelin
 f - 30 stones (quivered)
 m - 2 boomerangs
Armour
 s - a +0 cloak (worn)
 w - a +2 scale mail of fire resistance (worn)
 x - a +0 plate armour
Magical Staves
 l - a staff of poison
Jewellery
 h - a ring of protection from cold (left hand)
Wands
 v - a wand of charming (3)
Scrolls
 b - 2 scrolls of teleportation
 c - a scroll of identify {unknown}
 n - a scroll of torment {unknown}
 u - a scroll of fog {unknown}
Potions
 i - 3 potions of brilliance
 k - 2 potions of flight
 q - a potion of might {unknown}
 r - a potion of ambrosia {unknown}
 t - a potion of degeneration {unknown}


   Skills:
 - Level 2.0 Fighting
 * Level 5.8 Maces & Flails
 - Level 1.7 Throwing
 + Level 1.0 Armour
 - Level 2.6 Dodging
 - Level 1.0 Stealth
 - Level 1.0 Shields
 - Level 1.0 Evocations


You had 5 spell levels left.
You didn't know any spells.
Your spell library contained the following spells:

 Spells                   Type           Power      Damage    Failure   Level
 Cigotuvi's Dreadful Rot  Necr/Pois/Air  0%         N/A       92%         2
 Poisonous Vapours        Pois/Air       0%         N/A       92%         2
 Mephitic Cloud           Conj/Pois/Air  0%         N/A       99%         3


Dungeon Overview and Level Annotations

Branches:
Dungeon (4/15)             Temple (1/1) D:4

Altars:
Ashenzari
Dithmenos
Fedhas
Gozag
Kikubaaqudgha
Nemelex Xobeh
Okawaru
Qazlal
Ru
Trog
Uskayaw
Vehumet
Wu Jian
Xom
Yredelemnul


Innate Abilities, Weirdness & Mutations

You have a pair of small horns on your head.
You may rarely emit foul miasma when damaged in melee.


Message History

The gnoll bouda is almost dead.
The gnoll barely misses you.
The gnoll bouda hits you with a +0 club.
You closely miss the gnoll bouda. Your headbutt misses the gnoll bouda.
The gnoll bouda is almost dead.
The gnoll hits you from afar with a +0 spear.
* * * LOW HITPOINT WARNING * * *
The gnoll bouda gazes fiercely through you!
You feel your attacks grow feeble. The gnoll bouda barely misses you.
It was a potion of cancellation.
Your magical effects are unravelling.
You feel magically purged.
You feel a little less clever now.
Your attacks no longer feel as feeble.
The gnoll barely misses you.
The gnoll bouda hits you but does no damage.
You barely miss the gnoll bouda. Your headbutt misses the gnoll bouda.
The gnoll bouda is almost dead.
The gnoll hits you from afar with a +0 spear.
* * * LOW HITPOINT WARNING * * *
The gnoll bouda utters an invocation to its god.
The gnoll bouda is healed somewhat.
It was a potion of attraction.
You feel attractive to monsters. The gnoll hits you but does no damage.
The gnoll bouda closely misses you.
You closely miss the gnoll bouda.
The gnoll bouda is severely wounded.
The gnoll misses you.
The gnoll bouda hits you but does no damage.
The gnoll barely misses you.
You barely miss the gnoll bouda. You headbutt the gnoll bouda.
The gnoll bouda is almost dead.
The gnoll bouda closely misses you.
The gnoll hits you from afar with a +0 spear.
* * * LOW HITPOINT WARNING * * *
It was a potion of berserk rage.
A red film seems to cover your vision as you go berserk!
You feel yourself moving faster!
You feel mighty!
The gnoll bouda hits you with a +0 club!
You die... #. #.####.. ...... #.####..~§~.. .... .......~~§~§. .... #.#.##~~~~§§§ .g. #.....§§~§~§~ fg#

#...#.§~§~§~~ #g#
#...#..~~§~~. #g#
#...#...§~~..
#@#.##.....######.
#.#.........# .
#<####.#.#.##
#........#..#
######...##.#
#........# #
#.##.##.##.#.# #.
#.........#
###<......#


You could see a sleepcap, a gnoll bouda and 3 gnolls.

Vanquished Creatures
  Sigmund (D:3)
  A scorpion (D:3)
  Ijyb (D:3)
  2 adders
  2 orcs (D:3)
  7 bats
  6 endoplasms
  3 giant cockroaches
  3 goblins
  2 hobgoblins (D:1)
  3 quokkas (D:1)
  6 ball pythons
  5 frilled lizards
  2 kobolds (D:1)
  5 rats
49 creatures vanquished.

Notes
Turn   | Place    | Note
-------+----------+-------------------------------------------
     0 | D:1      | IdlyInterested the Demonspawn Gladiator began the quest for
                  | the Orb.
     0 | D:1      | Reached XP level 1. HP: 16/16 MP: 1/1
    43 | D:1      | Reached skill level 3 in Maces & Flails
    80 | D:1      | Gained mutation: You have a pair of small horns on your
                  | head. [demonic ancestry]
    80 | D:1      | Reached XP level 2. HP: 22/22 MP: 2/2
   184 | D:1      | Reached skill level 1 in Evocations
   785 | D:2      | Reached XP level 3. HP: 27/27 MP: 3/3
  1436 | D:3      | Reached skill level 1 in Shields
  1593 | D:3      | Noticed Sigmund
  1617 | D:3      | Killed Sigmund
  1618 | D:3      | Reached skill level 5 in Maces & Flails
  1618 | D:3      | Reached skill level 1 in Armour
  1618 | D:3      | Gained mutation: You may rarely emit foul miasma when
                  | damaged in melee. [demonic ancestry]
  1618 | D:3      | Reached XP level 4. HP: 9/33 MP: 4/4
  1618 | D:3      | Reached XP level 5. HP: 10/38 MP: 5/5
  1739 | D:3      | Noticed Ijyb
  1751 | D:3      | Killed Ijyb
  1818 | D:3      | Reached skill level 1 in Stealth
  1818 | D:3      | Reached XP level 6. HP: 44/44 MP: 6/6
  2140 | D:4      | Found a staircase to the Ecumenical Temple.
  2150 | Temple   | Entered the Ecumenical Temple
  2581 | D:4      | Slain by a gnoll bouda

Illustrated notes

Levels and vault maps discovered:
D:1:      dpeg_arrival_simpleton_a, layout_basic
D:2:      layout_basic
D:3:      cheibrodos_old_hovel, layout_rooms, uniq_ijyb, uniq_sigmund
D:4:      layout_basic, mainiacjoe_overflow_alcove_2, minmay_temple_entry_mist,
          gammafunk_ghost_cemetery
Temple:   hc_temple_tempest_star

Skill      XL: |  1  2  3  4  5 |
---------------+----------------+-----
Maces & Flails | 3 5 |  5.8
Evocations     | 1 |  1.0
Shields        | 1 |  1.0
Armour         | 1 |  1.0
Stealth        | 1 |  1.0
Fighting       | |  2.0
Throwing       | |  1.7
Dodging        | |  2.6

Action                     |  1- 3 |  4- 6 || total
---------------------------+-------+-------++-------
  Melee: Flail             |   115 |    40 ||   155
         Headbutt          |    10 |     5 ||    15
         Punch             |     2 |     1 ||     3
  Throw: Stone             |     1 |       ||     1
         Throwing net      |     3 |       ||     3
         Javelin           |     1 |       ||     1
    Use: Scroll            |     2 |       ||     2
         Potion            |     1 |     5 ||     6
 Armour: Leather armour    |     7 |       ||     7
         Scale mail        |    49 |    19 ||    68
  Dodge: Dodged            |    65 |    29 ||    94

Table legend: (Time is in decaauts)
 A = Elapsed time spent in this place.
 B = Non-inter-level travel time spent in this place.
 C = Inter-level travel time spent in this place.
 D = Time resting spent in this place.
 E = Time spent auto-exploring this place.
 F = Levels seen in this place.
 G = Mean time per level.
                   A        B        C        D        E       F      G
               +--------+--------+--------+--------+--------+-----+--------+
         Total |   2616 |   2218 |    398 |    109 |   1434 |   5 |  523.2 |
       Dungeon |   2275 |   1919 |    356 |    109 |   1152 |   4 |  568.8 |
        Temple |    340 |    298 |     42 |      0 |    282 |   1 |  340.0 |
               +--------+--------+--------+--------+--------+-----+--------+

Top non-repeatable levels by time:
     D:1: 798 daAuts
     D:2: 721 daAuts
     D:3: 692 daAuts
  Temple: 340 daAuts
     D:4: 62 daAuts
